| TOP OF THE 1ST |
|
Midland RockHounds batting - Pitching for Chattanooga Lookouts : LHP Willie Jimenez
|
|
Pitching: LHP Willie Jimenez
|
|
|
Batting: RHB Micah Roth
|
0-0: Ground out 4-3 (Groundball, 34, EV 110.0 MPH)
|
|
Batting: RHB Jonathan Gallup
|
0-0: Ball 1-0: Ball 2-0: Called Strike 2-1: Ball 3-1: Reached on error, E6 (Groundball, 6, EV 84.4 MPH)
|
|
Batting: RHB Manny Moron
|
0-0: Ball 1-0: Ball 2-0: Fly out, F6 (Popup, 15, EV 77.5 MPH)
|
|
Batting: RHB Tony Crespo
|
0-0: Ball Passed Ball! Jonathan Gallup to third 1-0: Called Strike 1-1: Foul Ball, location: 2F 1-2: Strikes out swinging
|
| Top of the 1st over - 0 runs, 0 hits, 1 error, 1 left on base; Midland 0 - Chattanooga 0 |
| BOTTOM OF THE 1ST |
|
Chattanooga Lookouts batting - Pitching for Midland RockHounds : LHP Bobby Carroll
|
|
Pitching: LHP Bobby Carroll
|
|
|
Batting: LHB Harris Vink
|
0-0: Called Strike 0-1: Called Strike 0-2: Ball 1-2: Strikes out swinging
|
|
Batting: SHB Matt Urbani
|
0-0: Ball 1-0: Called Strike 1-1: Ball 2-1: Ground out U3 (Groundball, 34, EV 100.6 MPH)
|
|
Batting: RHB Leo Gonzalez
|
0-0: Called Strike 0-1: Ball 1-1: Called Strike 1-2: Foul Ball, location: 2F 1-2: Foul Ball, location: 2F 1-2: Ball 2-2: Ball 3-2: Base on Balls
|
|
Batting: LHB Marshall Daul
|
0-0: Foul Ball, location: 2F 0-1: Ball 1-1: Ball Wild Pitch! Leo Gonzalez to second 2-1: SINGLE (Line Drive, 6M, EV 97.5 MPH) Leo Gonzalez to third Runner from 3rd tries for Home, SAFE, throw by CF to home Marshall Daul to second
|
|
Batting: RHB John Dew
|
0-0: Ball 1-0: Called Strike 1-1: Ground out 5-3 (Groundball, 56, EV 83.1 MPH)
|
| Bottom of the 1st over - 1 run, 1 hit, 0 errors, 1 left on base; Midland 0 - Chattanooga 1 |
| TOP OF THE 2ND |
|
Midland RockHounds batting - Pitching for Chattanooga Lookouts : LHP Willie Jimenez
|
|
Batting: RHB Todd Vanasco
|
0-0: Called Strike 0-1: Foul Ball, location: 2F 0-2: Foul Ball, location: 2F 0-2: Ball 1-2: Foul Ball, location: 2F 1-2: Strikes out swinging
|
|
Batting: RHB Roger Simmons
|
0-0: Called Strike 0-1: Foul Ball, location: 2F 0-2: SINGLE (Groundball, 6MD, EV 98.1 MPH)
|
|
Batting: RHB David Sharp
|
0-0: Called Strike 0-1: Ball 1-1: Foul Ball, location: 2F 1-2: Foul Ball, location: 2F 1-2: Fly out, F4 (Popup, 3S, EV 75.0 MPH)
|
|
Batting: RHB Moses Brokken
|
0-0: Swinging Strike 0-1: Called Strike 0-2: Ball 1-2: Strikes out looking
|
| Top of the 2nd over - 0 runs, 1 hit, 0 errors, 1 left on base; Midland 0 - Chattanooga 1 |
| BOTTOM OF THE 2ND |
|
Chattanooga Lookouts batting - Pitching for Midland RockHounds : LHP Bobby Carroll
|
|
Batting: RHB Nick Phipps
|
0-0: SINGLE (Groundball, 56, EV 80.6 MPH) (infield hit)
|
|
Batting: LHB Israel Montoya
|
0-0: Ball 1-0: Ball 2-0: Called Strike 2-1: TRIPLE (Groundball, 5L, EV 94.4 MPH) Nick Phipps scores
|
|
Batting: RHB Graham Calvert
|
0-0: Called Strike 0-1: Swinging Strike 0-2: Strikes out looking
|
|
Batting: RHB Jose Gracia
|
0-0: Called Strike 0-1: Fly out, F2 (Popup, 3SF, EV 76.9 MPH)
|
|
Batting: LHB Harris Vink
|
0-0: Ball 1-0: Ball 2-0: Called Strike 2-1: SINGLE (Line Drive, 4D, EV 103.8 MPH) Israel Montoya scores
|
|
Batting: SHB Matt Urbani
|
0-0: Ground out 4-3 (Groundball, 4, EV 85.0 MPH)
|
| Bottom of the 2nd over - 2 runs, 3 hits, 0 errors, 1 left on base; Midland 0 - Chattanooga 3 |
| TOP OF THE 3RD |
|
Midland RockHounds batting - Pitching for Chattanooga Lookouts : LHP Willie Jimenez
|
|
Batting: LHB Jose Mojica
|
0-0: SINGLE (Groundball, 6MD, EV 108.1 MPH)
|
|
Batting: RHB Micah Roth
|
0-0: Ball Jose Mojica steals 2nd base 1-0: Ball 2-0: SINGLE (Groundball, 6MD, EV 98.1 MPH) Jose Mojica to third
|
|
Batting: RHB Jonathan Gallup
|
0-0: SINGLE (Groundball, 6M, EV 86.2 MPH) (infield hit) Jose Mojica scores Micah Roth to second
|
|
Batting: RHB Manny Moron
|
0-0: Ball 1-0: SINGLE (Line Drive, 34, EV 99.4 MPH) Micah Roth to third Jonathan Gallup to second
|
|
Batting: RHB Tony Crespo
|
0-0: Ball 1-0: Ball 2-0: Ball 3-0: Base on Balls Micah Roth scores Jonathan Gallup to third Manny Moron to second
|
|
Batting: RHB Todd Vanasco
|
0-0: Ball 1-0: Swinging Strike 1-1: Grounds into double play, 3-6-1 (Groundball, 3, EV 101.2 MPH) Jonathan Gallup scores Manny Moron to third
|
|
Batting: RHB Roger Simmons
|
0-0: Ball 1-0: Fly out, F8 (Flyball, 8RM, EV 73.8 MPH)
|
| Top of the 3rd over - 3 runs, 4 hits, 0 errors, 1 left on base; Midland 3 - Chattanooga 3 |
| BOTTOM OF THE 3RD |
|
Chattanooga Lookouts batting - Pitching for Midland RockHounds : LHP Bobby Carroll
|
|
Batting: RHB Leo Gonzalez
|
0-0: Called Strike 0-1: Ball 1-1: Ball 2-1: Foul Ball, location: 2F 2-2: Strikes out swinging
|
|
Batting: LHB Marshall Daul
|
0-0: Ball 1-0: Ball 2-0: Foul Ball, location: 2F 2-1: Called Strike 2-2: Strikes out looking
|
|
Batting: RHB John Dew
|
0-0: DOUBLE (Line Drive, 8RXD, EV 105.0 MPH)
|
|
Batting: RHB Nick Phipps
|
0-0: Called Strike 0-1: Ball Wild Pitch! John Dew to third 1-1: Ball 2-1: Called Strike 2-2: Ground out 5-3 (Groundball, 56S, EV 86.2 MPH)
|
| Bottom of the 3rd over - 0 runs, 1 hit, 0 errors, 1 left on base; Midland 3 - Chattanooga 3 |
| TOP OF THE 4TH |
|
Midland RockHounds batting - Pitching for Chattanooga Lookouts : LHP Willie Jimenez
|
|
Batting: RHB David Sharp
|
0-0: Ball 1-0: SINGLE (Groundball, 6MD, EV 110.0 MPH)
|
|
Batting: RHB Moses Brokken
|
Pickoff Throw to First - Out! 1-3 0-0: Ball 1-0: SINGLE (Groundball, 56D, EV 98.8 MPH)
|
|
Batting: LHB Jose Mojica
|
0-0: Called Strike Moses Brokken is caught stealing 2nd base 2-6 0-1: Ball 1-1: Swinging Strike 1-2: Foul Ball, location: 2F 1-2: Strikes out looking
|
| Top of the 4th over - 0 runs, 2 hits, 0 errors, 0 left on base; Midland 3 - Chattanooga 3 |
| BOTTOM OF THE 4TH |
|
Chattanooga Lookouts batting - Pitching for Midland RockHounds : LHP Bobby Carroll
|
|
Batting: LHB Israel Montoya
|
0-0: Called Strike 0-1: Swinging Strike 0-2: Ball 1-2: Ball 2-2: Strikes out swinging
|
|
Batting: RHB Graham Calvert
|
0-0: DOUBLE (Flyball, 8LXD, EV 108.8 MPH)
|
|
Batting: RHB Jose Gracia
|
0-0: Fly out, F7 (Flyball, 7D, EV 84.4 MPH)
|
|
Batting: LHB Harris Vink
|
0-0: Ball 1-0: Called Strike 1-1: Ball 2-1: Foul Ball, location: 2F 2-2: Foul Ball, location: 2F 2-2: Ball 3-2: Fly out, F7 (Flyball, 78M, EV 76.9 MPH)
|
| Bottom of the 4th over - 0 runs, 1 hit, 0 errors, 1 left on base; Midland 3 - Chattanooga 3 |
| TOP OF THE 5TH |
|
Midland RockHounds batting - Pitching for Chattanooga Lookouts : LHP Willie Jimenez
|
|
Batting: RHB Micah Roth
|
0-0: Foul Ball, location: 2F 0-1: Ball 1-1: Ball 2-1: Ball 3-1: DOUBLE (Flyball, 8LXD, EV 111.9 MPH)
|
|
Batting: RHB Jonathan Gallup
|
0-0: Ball 1-0: Ball Micah Roth steals 3rd, throwing error, E2 Micah Roth scores 2-0: Foul Ball, location: 2F 2-1: Ground out 6-3 (Groundball, 56, EV 86.2 MPH)
|
|
Batting: RHB Manny Moron
|
0-0: Ball 1-0: Ground out 6-3 (Groundball, 6M, EV 100.0 MPH)
|
|
Batting: RHB Tony Crespo
|
0-0: Ball 1-0: Ball 2-0: Called Strike 2-1: Ball 3-1: Base on Balls
|
|
Batting: RHB Todd Vanasco
|
0-0: Ball 1-0: Swinging Strike 1-1: Ball 2-1: Fielders Choice at 2nd, U4 (Groundball, 4M, EV 81.2 MPH)
|
| Top of the 5th over - 1 run, 1 hit, 1 error, 1 left on base; Midland 4 - Chattanooga 3 |
| BOTTOM OF THE 5TH |
|
Chattanooga Lookouts batting - Pitching for Midland RockHounds : LHP Bobby Carroll
|
|
Batting: SHB Matt Urbani
|
0-0: Ball 1-0: Called Strike 1-1: Foul Ball, location: 2F 1-2: Strikes out swinging
|
|
Batting: RHB Leo Gonzalez
|
0-0: Called Strike 0-1: Ball 1-1: Ball 2-1: Fly out, F9 (Flyball, 9S, EV 85.6 MPH)
|
|
Batting: LHB Marshall Daul
|
0-0: Swinging Strike 0-1: Fly out, F9 (Flyball, 9S, EV 88.1 MPH)
|
| Bottom of the 5th over - 0 runs, 0 hits, 0 errors, 0 left on base; Midland 4 - Chattanooga 3 |
| TOP OF THE 6TH |
|
Midland RockHounds batting - Pitching for Chattanooga Lookouts : LHP Willie Jimenez
|
|
Batting: RHB Roger Simmons
|
0-0: Ball 1-0: Ground out 5-3 (Groundball, 56, EV 78.1 MPH)
|
|
Batting: RHB David Sharp
|
0-0: Ball 1-0: Foul Ball, location: 2F 1-1: Ball 2-1: Foul Ball, location: 2F 2-2: Ball 3-2: Foul Ball, location: 2F 3-2: Strikes out swinging
|
|
Batting: RHB Moses Brokken
|
0-0: Called Strike 0-1: Ball 1-1: Swinging Strike 1-2: Strikes out swinging
|
| Top of the 6th over - 0 runs, 0 hits, 0 errors, 0 left on base; Midland 4 - Chattanooga 3 |
| BOTTOM OF THE 6TH |
|
Chattanooga Lookouts batting - Pitching for Midland RockHounds : LHP Bobby Carroll
|
|
Batting: RHB John Dew
|
0-0: Ball 1-0: Ground out 4-3 (Groundball, 4S, EV 78.1 MPH)
|
|
Batting: RHB Nick Phipps
|
0-0: Foul Ball, location: 2F 0-1: Ball 1-1: Foul Ball, location: 2F 1-2: SINGLE (Groundball, 56D, EV 95.0 MPH)
|
|
Batting: LHB Israel Montoya
|
0-0: Called Strike 0-1: Swinging Strike 0-2: Ball 1-2: Foul Ball, location: 2F 1-2: Strikes out swinging
|
|
Batting: RHB Graham Calvert
|
0-0: Called Strike 0-1: Ball 1-1: Fly out, F7 (Flyball, 7LS, EV 96.9 MPH)
|
| Bottom of the 6th over - 0 runs, 1 hit, 0 errors, 1 left on base; Midland 4 - Chattanooga 3 |
| TOP OF THE 7TH |
|
Midland RockHounds batting - Pitching for Chattanooga Lookouts : LHP Willie Jimenez
|
|
Batting: LHB Jose Mojica
|
0-0: Ball 1-0: Ball 2-0: SINGLE (Line Drive, 9S, EV 107.5 MPH)
|
|
Batting: RHB Micah Roth
|
0-0: Fielders Choice at 2nd, 6-4 (Groundball, 6, EV 88.1 MPH)
|
|
Batting: RHB Jonathan Gallup
|
0-0: Swinging Strike 0-1: Ball 1-1: Foul Ball, location: 2F 1-2: Foul Ball, location: 2F 1-2: Strikes out swinging
|
|
Pitching: RHP John Morrison
|
|
|
Batting: RHB Manny Moron
|
0-0: Ball 1-0: Ball 2-0: Called Strike 2-1: DOUBLE (Flyball, 9LD, EV 90.6 MPH) Micah Roth to third Runner from 3rd tries for Home, SAFE, throw by RF to home
|
|
Batting: RHB Tony Crespo
|
0-0: Ball 1-0: Ball 2-0: Ball 3-0: Called Strike 3-1: Foul Ball, location: 2F 3-2: Foul Ball, location: 2F 3-2: Foul Ball, location: 2F 3-2: Foul Ball, location: 2F 3-2: Foul Ball, location: 2F 3-2: SINGLE (Line Drive, 6M, EV 102.5 MPH) Manny Moron to third Runner from 3rd tries for Home, SAFE, throw by CF to home
|
|
Batting: RHB Todd Vanasco
|
0-0: Called Strike Tony Crespo steals 2nd base 0-1: Foul Ball, location: 2F 0-2: Strikes out swinging
|
| Top of the 7th over - 2 runs, 3 hits, 0 errors, 1 left on base; Midland 6 - Chattanooga 3 |
| BOTTOM OF THE 7TH |
|
Chattanooga Lookouts batting - Pitching for Midland RockHounds : LHP Bobby Carroll
|
|
Pitching: LHP John Salzmann
|
|
|
Batting: RHB Jose Gracia
|
0-0: Fly out, F8 (Flyball, 89D, EV 83.1 MPH)
|
|
Batting: LHB Harris Vink
|
0-0: Foul Ball, location: 2F 0-1: Swinging Strike 0-2: Ball 1-2: DOUBLE (Line Drive, 5D, EV 104.4 MPH)
|
|
Batting: SHB Matt Urbani
|
0-0: Called Strike 0-1: Ball 1-1: Ball 2-1: Called Strike 2-2: Ground out 6-3 (Groundball, 6, EV 98.8 MPH)
|
|
Batting: RHB Leo Gonzalez
|
0-0: Foul Ball, location: 2F 0-1: Foul Ball, location: 2F 0-2: Strikes out swinging
|
| Bottom of the 7th over - 0 runs, 1 hit, 0 errors, 1 left on base; Midland 6 - Chattanooga 3 |
| TOP OF THE 8TH |
|
Midland RockHounds batting - Pitching for Chattanooga Lookouts : RHP John Morrison
|
|
Batting: RHB Roger Simmons
|
0-0: Called Strike 0-1: Ground out 6-3 (Groundball, 6, EV 86.9 MPH)
|
|
Batting: RHB David Sharp
|
0-0: Swinging Strike 0-1: Swinging Strike 0-2: Ball 1-2: SINGLE (Groundball, 5S, EV 70.6 MPH) (infield hit)
|
|
Batting: RHB Moses Brokken
|
0-0: Fly out, F3 (Popup, 3, EV 71.2 MPH)
|
|
Batting: LHB Jose Mojica
|
0-0: Foul Ball, location: 2F 0-1: Called Strike 0-2: Strikes out swinging
|
| Top of the 8th over - 0 runs, 1 hit, 0 errors, 1 left on base; Midland 6 - Chattanooga 3 |
| BOTTOM OF THE 8TH |
|
Chattanooga Lookouts batting - Pitching for Midland RockHounds : LHP John Salzmann
|
|
Now at 1B: Niek de Haan
|
|
|
Batting: LHB Marshall Daul
|
0-0: Called Strike 0-1: Foul Ball, location: 2F 0-2: Ball 1-2: Ball 2-2: Ball 3-2: SINGLE (Line Drive, 6D, EV 96.9 MPH)
|
|
Batting: RHB John Dew
|
0-0: Called Strike 0-1: Ball 1-1: Foul Ball, location: 2F 1-2: Ball 2-2: SINGLE (Groundball, 56S, EV 71.2 MPH) (infield hit) Marshall Daul to second
|
|
Batting: RHB Nick Phipps
|
0-0: Ball 1-0: Ball 2-0: Called Strike 2-1: Fielders Choice at 2nd, 6-4 (Groundball, 56, EV 99.4 MPH) Marshall Daul to third
|
|
Batting: LHB Israel Montoya
|
0-0: Ball 1-0: Ball 2-0: Foul Ball, location: 2F 2-1: Ball 3-1: Fly out, F7 (Flyball, 78M, EV 85.0 MPH)
|
|
Batting: RHB Graham Calvert
|
0-0: Ball 1-0: Swinging Strike 1-1: Ball 2-1: Foul Ball, location: 2F 2-2: DOUBLE (Line Drive, 8LXD, EV 107.5 MPH) Marshall Daul scores Nick Phipps to third Runner from 3rd tries for Home, throw by CF and OUT! 8-6-2
|
| Bottom of the 8th over - 1 run, 3 hits, 0 errors, 1 left on base; Midland 6 - Chattanooga 4 |
| TOP OF THE 9TH |
|
Midland RockHounds batting - Pitching for Chattanooga Lookouts : RHP John Morrison
|
|
Batting: RHB Micah Roth
|
0-0: Ball 1-0: Ball 2-0: Foul Ball, location: 2F 2-1: Foul Ball, location: 2F 2-2: Strikes out looking
|
|
Batting: RHB Jonathan Gallup
|
0-0: Called Strike 0-1: Called Strike 0-2: Strikes out swinging
|
|
Batting: RHB Manny Moron
|
0-0: Ground out 5-3 (Groundball, 5, EV 89.4 MPH)
|
| Top of the 9th over - 0 runs, 0 hits, 0 errors, 0 left on base; Midland 6 - Chattanooga 4 |
| BOTTOM OF THE 9TH |
|
Chattanooga Lookouts batting - Pitching for Midland RockHounds : LHP John Salzmann
|
|
Pitching: RHP John Shutt
|
|
|
Batting: RHB Jose Gracia
|
0-0: DOUBLE (Line Drive, 5D, EV 97.5 MPH)
|
|
Batting: LHB Harris Vink
|
0-0: Called Strike 0-1: Ball 1-1: Ball 2-1: Foul Ball, location: 2F 2-2: Ground out U3 (Groundball, 34, EV 94.4 MPH) Jose Gracia to third
|
|
Batting: SHB Matt Urbani
|
0-0: Ball 1-0: Ball 2-0: Foul Ball, location: 2F 2-1: Foul Ball, location: 2F 2-2: Ball 3-2: Ground out 4-3 (Groundball, P, EV 88.8 MPH) Jose Gracia scores
|
|
Batting: RHB Leo Gonzalez
|
0-0: Foul Ball, location: 2F 0-1: Fly out, F8 (Flyball, 8LD, EV 89.4 MPH)
|
| Bottom of the 9th over - 1 run, 1 hit, 0 errors, 0 left on base; Midland 6 - Chattanooga 5 |
|